 Dungeon Crawl Stone Soup version 0.29.1-15-g9cfb28693d (webtiles) character file.

Game seed: 8599694310012913412

78 protoss039 the Digger (level 4, 30/30 (33) HPs)
             Began as a Demonspawn Earth Elementalist on Mar 12, 2023.
             Got out of the dungeon alive.
             The game lasted 00:03:37 (2888 turns).

protoss039 the Digger (DsEE)                        Turns: 2888, Time: 00:03:38

HP:   30/30 (33)    AC:  4    Str:  8    XL:     4   Next: 15%
MP:   7/8           EV: 11    Int: 19    God:
Gold: 97            SH:  0    Dex: 13    Spells: 2/8 levels left

rFire   . . .      SeeInvis +   n - +0 spear (flame)
rCold   . . .      Faith    .   (no shield)
rNeg    . . .      Spirit   .   j - +0 leather armour
rPois   .          Reflect  .   (helmet restricted)
rElec   .          Harm     .   (no cloak)
rCorr   .          Rampage  .   i - +0 pair of gloves
Will    .....                   (no boots)
Stlth   ++........              (no amulet)
HPRegen 0.10/turn               m - ring of see invisible
MPRegen 0.11/turn               (no ring)

@: drained
A: horns 1, ignite blood 1
a: no special abilities


You escaped.
You visited 1 branch of the dungeon, and saw 4 of its levels.

You collected 115 gold pieces.
You spent 18 gold pieces at shops.

Inventory:

Hand Weapons
 n - a +0 spear of flaming (weapon)
Armour
 i - a +0 pair of gloves (worn)
 j - a +0 leather armour (worn)
Jewellery
 m - a ring of see invisible (left hand)
Scrolls
 f - a scroll of immolation {unknown}
 g - a scroll of blinking {unknown}
 l - a scroll of fear {unknown}
 r - a scroll of enchant armour {unknown}
Potions
 a - a potion of lignification {unknown}
 b - a potion of magic
 c - 3 potions of curing {unknown}
 d - a potion of ambrosia {unknown}
 e - a potion of heal wounds {unknown}
 h - a potion of mutation {unknown}
 k - a potion of invisibility {unknown}
 o - a potion of might {unknown}
 p - a potion of brilliance {unknown}
 q - a potion of haste {unknown}


   Skills:
 + Level 1.8 Fighting
 * Level 0.6 Armour
 - Level 1.7 Dodging
 - Level 1.7 Stealth
 + Level 2.7 Spellcasting
 + Level 0.3 Conjurations
 - Level 0.8 Transmutations
 + Level 3.3 Earth Magic


You had 2 spell levels left.
You knew the following spells:

 Your Spells              Type           Power      Damage    Failure   Level
a - Sandblast             Erth           30%        2d9       5%          1
b - Passwall              Tmut/Erth      8%         N/A       14%         2
c - Stone Arrow           Conj/Erth      18%        3d8       30%         3

Your spell library contained the following spells:

 Spells                   Type           Power      Damage    Failure   Level
 Sting                    Tmut/Pois      16%        1d3       19%         1
 Shock                    Conj/Air       12%        1d3       21%         1
 Swiftness                Air            2%         N/A       54%         3
 Petrify                  Tmut/Erth      10%        N/A       67%         4
 Airstrike                Air            1%         2d(1-17)  91%         4


Dungeon Overview and Level Annotations

Branches:
Dungeon (4/15) Zot: 21082
 Temple: D:4-7

Altars:

Shops:
D:3 *

Annotations:
D:2 1 runed translucent door, Crazy Yiuf, Terence


Innate Abilities, Weirdness & Mutations

You have a pair of small horns on your head.
Your demonic aura sometimes causes spilled blood to erupt in flames.


Message History

Robin is lightly wounded.
Robin hits you with a +1 dagger of draining.
You feel drained. Robin hits you but does no damage.
You feel drained.
Casting: Sandblast (safe; 5% risk of failure)
Confirm with . or Enter, or press ? or * to list all spells.
Aiming: Sandblast (safe; 5% risk of failure)
Press: ? - help, Shift-Dir - straight line, f/p - Robin
Aim: Robin, wielding a +1 dagger of draining, wearing a +0 animal skin and wearing a +0 helmet (lightly wounded, 87% to hit)
The blast of sand hits Robin!
Robin is almost dead.
Robin barely misses you.
Casting: Sandblast (safe; 5% risk of failure)
Confirm with . or Enter, or press ? or * to list all spells.
Aiming: Sandblast (safe; 5% risk of failure)
Press: ? - help, Shift-Dir - straight line, f/p - Robin
Aim: Robin, wielding a +1 dagger of draining, wearing a +0 animal skin and wearing a +0 helmet (almost dead, 87% to hit)
The blast of sand hits Robin.
You kill Robin!
Unknown command.
Unknown command.
Things that are here:
a +1 dagger of draining; a +0 animal skin; a +0 helmet
Things that are here:
a +0 club; a +0 sling; a goblin corpse
(D) Dungeon
Where to? (Enter - D:3 @ (x,y), ? - help)
What level of the Dungeon? (default 1, ? - help)
There is a stone staircase leading up, spattered with blood here.
You climb upwards.
Level annotation: 1 runed translucent door, Crazy Yiuf, Terence
There is a stone staircase leading down here.
HP restored.
There is a stone staircase leading up here.
You climb upwards.
There is a stone staircase leading down here.
There is an open door here.
There is an open door here.
There is a staircase leading out of the dungeon here.
Are you sure you want to leave the Dungeon?
This will make you lose the game!
You have escaped!

#.........###########.#
####.######.........####
#.###...####'####...## #.##.####
#...# ####.## #.#.## #...# ##.#
###.#### ###'########.##
#.##≈.###.....##..≈##.#
###.#§§.§#.......#..≈§#.###
#...#≈≈.§'...@...'..≈≈#...#
##.#[#≈§..#.......#..§≈#.#.#
###..#.##≈.###.....##..≈##.#.#
#....##.#### ###+########.##.#
#.#...#.## #...# ##.#..#
#.....##.#### #...# ####.##.##
#......##...####'####...###.#
##.....#####.........######.#####
##...## ############.#.........


There were no monsters in sight!

Vanquished Creatures
  Robin (D:3)
  2 adders (D:2)
  2 dart slugs (D:1)
  2 orcs (D:3)
  A ball python (D:3)
  4 endoplasms
  2 giant cockroaches
  6 goblins
  3 hobgoblins
  2 jackals (D:1)
  4 quokkas
  4 bats
  3 frilled lizards (D:2)
  2 kobolds
  3 rats
41 creatures vanquished.

Notes
Turn   | Place    | Note
-------+----------+-------------------------------------------
     0 | D:1      | protoss039 the Demonspawn Earth Elementalist began the
                  | quest for the Orb.
     0 | D:1      | Reached XP level 1. HP: 13/13 MP: 3/3
   359 | D:1      | Gained mutation: Your demonic aura sometimes causes spilled
                  | blood to erupt in flames. [demonic ancestry]
   359 | D:1      | Reached XP level 2. HP: 8/20 MP: 0/5
   629 | D:1      | Reached skill level 1 in Fighting
   952 | D:1      | Reached skill level 3 in Earth Magic
  1182 | D:2      | Reached XP level 3. HP: 16/26 MP: 1/6
  1944 | D:2      | Found a runed translucent door.
  1945 | D:2      | Noticed Crazy Yiuf
  1990 | D:2      | Noticed Terence
  2117 | D:1      | Learned a level 2 spell: Passwall
  2121 | D:1      | Learned a level 3 spell: Stone Arrow
  2198 | D:3      | Found Niepoada's Assorted Antiques.
  2222 | D:3      | Bought an orange potion for 18 gold pieces
  2651 | D:3      | Found a faded altar of an unknown god.
  2656 | D:3      | Got Plato's Catalogue of Pollution
  2776 | D:4      | Noticed Robin
  2842 | D:3      | Discovered your monstrous ancestry.
  2842 | D:3      | Gained mutation: You have a pair of small horns on your
                  | head. [demonic ancestry]
  2842 | D:3      | Reached XP level 4. HP: 31/31 MP: 5/8
  2844 | D:3      | Killed Robin
  2888 | D:$      | Got out of the dungeon alive.

Illustrated notes

Levels and vault maps discovered:
D:1:      dpeg_arrival_another_circle, layout_loops_ring, st_stairs_6
D:2:      layout_loops_cross, uniq_crazy_yiuf_cottage, uniq_terence
D:3:      layout_loops_ring, shapermc_ecumenical_altar_rom_forum, serial_shops,
          nicolae_shop_overgrown_old_shop
D:4:      layout_loops_ring, minmay_temple_entry_slanted, serial_shops, shop,
          uniq_duvessa, uniq_robin

Skill      XL: |  1  2 |
---------------+-------+-----
Fighting       | 1 |  1.8
Earth Magic    | 3 |  3.3
Armour         | |  0.6
Dodging        | |  1.7
Stealth        | |  1.7
Spellcasting   | |  2.7
Conjurations   | |  0.3
Transmutations | |  0.8

Action                   |  1- 3 |  4- 6 || total
-------------------------+-------+-------++-------
Melee: Dagger            |    25 |       ||    25
       Spear             |    53 |       ||    53
 Cast: Sandblast         |    43 |     3 ||    46
 Stab: Sleeping          |     4 |       ||     4
Armor: Robe              |     5 |       ||     5
       Leather armour    |    30 |     1 ||    31
Dodge: Dodged            |    60 |     1 ||    61
